 Dungeon Crawl Stone Soup version 0.20-a0-672-gd6c3c51 (webtiles) character file.

42 Joshtr2000 the Sneak (level 3, -2/21 HPs)
             Began as a Kobold Hunter on Feb 18, 2017.
             Slain by Terence
             ... wielding a +0 flail
              (8 damage)
             ... on level 2 of the Dungeon.
             The game lasted 00:13:30 (1284 turns).

Joshtr2000 the Sneak (Kobold Hunter)                Turns: 1284, Time: 00:13:30

Health: -2/21      AC:  1    Str:  9    XL:     3   Next: 77%
Magic:  3/3        EV: 20    Int: 12    God:
Gold:   61         SH:  0    Dex: 21    Spells: 2/2 levels left

rFire    . . .     SeeInvis .   b - +0 short sword
rCold    + . .     Gourm    .   c - +0 leather armour
rNeg     . . .     Faith    .   (shield restricted)
rPois    .         Spirit   .   (no helmet)
rElec    .         Reflect  .   (no cloak)
rCorr    .         Harm     .   (no gloves)
MR       +....                  (no boots)
Stlth    ++++......             (no amulet)
Regen    0.1/turn               (no ring)
MPRegen  0.1/turn               (no ring)

@: agile
A: carnivore 3, cold resistance 1, deformed body, magic resistance 1
a: no special abilities


You were on level 2 of the Dungeon.
You were very full.

You visited 1 branch of the dungeon, and saw 2 of its levels.

You collected 61 gold pieces.

Inventory:

Hand Weapons
 a - a +1 shortbow
 b - a +0 short sword (weapon)
 l - a +0 spear
Missiles
 d - 46 arrows
 f - 40 bolts
 h - 49 poisoned needles
Armour
 c - a +0 leather armour (worn)
Jewellery
 j - a cursed amulet of inaccuracy {unknown}
Scrolls
 e - 2 scrolls of magic mapping {unknown}
 g - a scroll of identify {unknown}
 m - a scroll of teleportation {unknown}
 n - a scroll of amnesia {unknown}
Potions
 i - a potion of mutation
 k - a potion of heal wounds {unknown}
 p - a potion of magic {unknown}


   Skills:
 - Level 2.1 Fighting
 - Level 4.0 Bows
 - Level 2.4 Dodging
 + Level 4.8 Stealth


You had 2 spell levels left.
You didn't know any spells.

Dungeon Overview and Level Annotations

Branches:
Dungeon (2/15)

Altars:

Annotations:
D:2 Terence


Innate Abilities, Weirdness & Mutations

You are small and have problems with some larger weapons.
You are carnivorous and can eat meat at any time.
Your flesh is cold resistant. (rC+)
Armour fits poorly on your strangely shaped body.
You are resistant to hostile enchantments. (MR+)


Message History

Terence hits you with a flail.
* * * LOW HITPOINT WARNING * * *
It was a potion of agility.
You feel agile all of a sudden. Terence barely misses you.
You hit Terence.
Terence is heavily wounded.
Terence misses you.
You hit Terence but do no damage.
Terence is heavily wounded.
You barely miss Terence.
Terence is heavily wounded.
Terence misses you.
You hit Terence.
Terence is severely wounded.
Terence misses you.
You hit Terence but do no damage.
Terence is severely wounded.
Terence hits you with a flail!
You die...

#.# #.# #.#
#.# #.###
#...#
############.#
#..........).#
#.(.@@.....###
##########.#
#......((..#
#.##########
#.########
#...@....#
########.# .#
.#


You could see Terence.

Vanquished Creatures
  2 dart slugs (D:1)
  2 leopard geckos (D:1)
  5 giant cockroaches
  4 goblins (D:1)
  6 hobgoblins (D:1)
  A bat (D:1)
  A frilled lizard (D:2)
  4 kobolds
  8 rats
33 creatures vanquished.

Notes
Turn   | Place    | Note
-------+----------+-------------------------------------------
     0 | D:1      | Joshtr2000 the Kobold Hunter began the quest for the Orb.
     0 | D:1      | Reached XP level 1. HP: 12/12 MP: 1/1
    70 | D:1      | Reached XP level 2. HP: 13/17 MP: 2/2
   421 | D:1      | Reached XP level 3. HP: 21/21 MP: 3/3
  1238 | D:2      | Noticed Terence
  1278 | D:2      | Gained mutation: Armour fits poorly on your strangely shaped body. [potion of mutation]
  1278 | D:2      | Gained mutation: Your flesh is cold resistant. (rC+) [potion of mutation]
  1278 | D:2      | Gained mutation: You are resistant to hostile enchantments. (MR+) [potion of mutation]
  1284 | D:2      | Slain by Terence

Vault maps used:
D:1:      scummos_arrival_hexagon, minmay_heptomino_d4
D:2:      uniq_terence

Skill      XL: |  1  2  3 |
---------------+----------+-----
Stealth        | 2 3 4 |  4.8
Fighting       | |  2.1
Bows           | |  4.0
Dodging        | |  2.4

Action                   || total
-------------------------++-------
Melee: Short sword       ||    49
 Fire: Shortbow          ||    68
  Use: Potion            ||     2
 Stab: Sleeping          ||     2
  Eat: Meat ration       ||     1
       Chunk             ||     1
Armor: Leather armour    ||     6
Dodge: Dodged            ||    44
